 Dungeon Crawl Stone Soup version 0.22.1-2-g9c5b331383 (webtiles) character file.

144 LoNine the Chopper (level 5, -1/47 HPs)
             Began as a Hill Orc Fighter on Nov 21, 2018.
             Was an Initiate of Beogh.
             Slain by a wight
             ... wielding a +3 morningstar
              (10 damage)
             ... on level 3 of the Dungeon.
             The game lasted 00:09:17 (2327 turns).

LoNine the Chopper (Hill Orc Fighter)               Turns: 2327, Time: 00:09:20

Health: -1/47      AC: 11    Str: 20    XL:     5   Next: 26%
Magic:  5/5        EV:  5    Int:  8    God:    Beogh [......]
Gold:   143        SH:  9    Dex: 10    Spells: 4/4 levels left

rFire    . . .     SeeInvis .   a - +1 war axe
rCold    . . .     Gourm    .   c - +0 shield
rNeg     . . .     Faith    .   f - +0 chain mail
rPois    .         Spirit   .   d - +1 helmet
rElec    .         Reflect  .   (no cloak)
rCorr    .         Harm     .   (no gloves)
MR       .....                  (no boots)
Stlth    ..........             (no amulet)
HPRegen  0.15/turn              (no ring)
MPRegen  0.09/turn              (no ring)

@: flying, drained
A: no striking features
a: Renounce Religion


You were on level 3 of the Dungeon.
You worshipped Beogh.
Beogh was noncommittal.
You were not hungry.

You visited 1 branch of the dungeon, and saw 3 of its levels.

You collected 143 gold pieces.

Inventory:

Hand Weapons
 a - a +1 war axe (weapon)
Armour
 c - a +0 shield (worn)
 d - a +1 helmet (worn)
 f - a +0 chain mail (worn)
Jewellery
 k - a +2 ring of intelligence {unknown}
Scrolls
 b - a scroll of identify {unknown}
 l - a scroll of enchant weapon
Potions
 g - a potion of curing {unknown}
 h - 2 potions of magic {unknown}
 i - a potion of degeneration {unknown}
 j - a potion of flight
 m - a potion of haste {unknown}
 n - 2 potions of heal wounds {unknown}
Comestibles
 e - 7 rations


   Skills:
 + Level 4.5(3.5) Fighting
 * Level 4.8(3.9) Axes
 + Level 4.1(3.1) Armour
 + Level 4.1(3.1) Shields


You had 4 spell levels left.
You didn't know any spells.
Your spell library was empty.

Dungeon Overview and Level Annotations

Branches:
Dungeon (3/15)

Altars:


Message History

You destroy the wight!
Beogh accepts your kill.
Your base Armour skill increases to level 4!
Your base Shields skill increases to level 4!
You have reached level 5!
You feel stronger.
You hit the wight but do no damage. You block the wight's attack. x2
It was a potion of flight.
You feel very buoyant.
You fly up into the air.
The wight hits you with an enchanted morningstar.
You feel drained.
Your shield and chain mail prevent you from hitting the wight.
The wight is moderately damaged.
You slash the wight!
The wight hits you with an enchanted great sword!
* * * LOW HITPOINT WARNING * * *
You feel drained.
The wight hits you with an enchanted morningstar!
You die...

......z...# ###(.
....z.....#####.(.#
.............(...
#...#.#..####)#
#.....#.....#
#.....#.....# .##
##†....#.....#
>....######>..##.......#
#.)z@z...#####.......
......####### ......##
####. .....# # ..)..#
....)# .. .. ##


You could see 2 wights.

Vanquished Creatures
  A wight (D:3)
  Robin (D:3)
  3 adders (D:2)
  A gnoll (D:1)
  A worm (D:2)
  A leopard gecko (D:2)
  A ball python (D:1)
  4 giant cockroaches
  15 goblins
  3 hobgoblins
  2 jackals (D:3)
  3 kobolds
  A quokka (D:3)
  4 bats
  7 frilled lizards
  3 rats
51 creatures vanquished.

Vanquished Creatures (others)
  An orc priest (D:3)
  A wight (D:3)
  3 orcs (D:3)
  A ball python (D:3)
  A giant cockroach (D:3)
  2 jackals (D:3)
9 creatures vanquished.

Grand Total: 60 creatures vanquished

Notes
Turn   | Place    | Note
-------+----------+-------------------------------------------
     0 | D:1      | LoNine the Hill Orc Fighter began the quest for the Orb.
     0 | D:1      | Reached XP level 1. HP: 19/19 MP: 1/1
   258 | D:1      | Reached XP level 2. HP: 27/27 MP: 2/2
   673 | D:1      | Reached XP level 3. HP: 27/33 MP: 3/3
  1368 | D:2      | Reached XP level 4. HP: 30/40 MP: 4/4
  1775 | D:3      | Noticed Robin
  1981 | D:3      | Killed Robin
  2040 | D:3      | Became a worshipper of Beogh the Brigand
  2325 | D:3      | Reached XP level 5. HP: 23/47 MP: 5/5
  2327 | D:3      | Slain by a wight

Skill      XL: |  1  2  3  4 |
---------------+-------------+-----
Axes           | 3 4 |  4.8
Fighting       | 4 |  4.5
Armour         | 4 |  4.1
Shields        | 4 |  4.1

Action                   |  1- 3 |  4- 6 || total
-------------------------+-------+-------++-------
Melee: War axe           |   108 |    69 ||   177
Invok: Convert to Beogh  |       |     1 ||     1
  Use: Scroll            |       |     2 ||     2
       Potion            |       |     2 ||     2
  Eat: Chunk             |     1 |       ||     1
       Ration            |       |     1 ||     1
Armor: Scale mail        |    41 |    20 ||    61
       Chain mail        |       |     9 ||     9
Dodge: Dodged            |    36 |    16 ||    52
Block: Shield            |    53 |    36 ||    89
